Map: Torri del crepuscolo

Players

Jhyrachy

  • Race: Zerg Zerg
  • League: Silver

Inkrusion - Winner!

  • Race: Protoss Protoss
  • League: Diamond

VOD

Have the link to the VOD?

Description

Time

  • Played on: Dec. 10, 2015, 3:26 p.m.
  • Length: 11:44
Show
View Real Time Build Order
Export as new Build Order

Jhyrachy Zerg 

Build Orders: Hatch First 

Get SALT Encoding   

  12  0:01  Drone  
  13  0:10  Drone  
  14  0:18  Overlord  
  14  0:29  Extractor  
  14  0:31  Extractor  
  14  0:32  Drone x2  
  16  0:37  Drone  
  17  0:57  Hatchery  
  17  1:03  Extractor  
  15  1:07  Drone  
  15  1:08  Drone  
  15  1:09  Overlord  
  17  1:24  Spawning Pool  
  16  1:32  Drone  
  17  1:34  Drone  
  18  1:41  Drone  
  19  2:07  Drone  
  20  2:13  Metabolic Boost  
  20  2:15  Queen  
  22  2:16  Queen  
  24  2:32  Baneling Nest  
  24  2:35  Drone x3  
  26  2:37  Drone  
  26  2:43  Drone  
  28  3:00  Zergling x10  
  33  3:15  Zergling x2, Overlord  
  34  3:31  Zergling x2  
  34  3:32  Zergling x2  
  36  3:35  Zergling x2  
  36  3:36  Zergling x8  
  41  3:45  Overlord x2  
  40  4:00  Overlord  
  40  4:01  Overlord  
  40  4:02  Zergling x4  
  42  4:03  Zergling x6  
  42  4:04  Zergling x2  
  46  4:19  Baneling x4  
  46  4:21  Baneling  
  46  4:26  Zergling x4  
  46  4:27  Overlord, Zergling x2  
  41  5:02  Zergling x2  
  41  5:03  Zergling x20  
  43  5:16  Queen  
  43  5:18  Zergling x8  
  46  5:27  Baneling x6  
  39  5:32  Drone x4  
  38  6:16  Extractor  
  37  6:20  Hatchery  
  37  6:25  Drone x3  
  37  6:26  Drone x5  
  44  6:35  Lair  
  44  6:48  Queen  
  28  7:38  Zergling x2  
  28  7:39  Zergling x26  
  40  7:54  Drone  
  40  7:55  Drone x3  
  44  8:05  Queen  
  43  8:41  Hydralisk Den  
  34  9:13  Hydralisk  
  34  9:14  Hydralisk x9  
Show
View Real Time Build Order
Export as new Build Order

Inkrusion Protoss - Winner!

Build Orders: 1 Gate Expand, Oracle Opening 

Get SALT Encoding   

  12  0:01  Probe (Chrono Boost)  
  13  0:11  Probe (Chrono Boost)  
  14  0:17  Pylon  
  14  0:23  Probe (Chrono Boost)  
  15  0:36  Probe (Chrono Boost)  
  15  0:38  Gateway  
  16  0:45  Assimilator  
  16  0:48  Probe (Chrono Boost)  
  17  0:59  Probe (Chrono Boost)  
  18  1:09  Probe (Chrono Boost)  
  19  1:27  Nexus  
  19  1:30  Probe (Chrono Boost)  
  20  1:40  Cybernetics Core  
  20  1:44  Probe (Chrono Boost)  
  21  1:51  Assimilator  
  21  1:58  Pylon  
  21  2:01  Probe (Chrono Boost)  
  22  2:12  Probe (Chrono Boost)  
  23  2:17  Adept, Warp Gate  
  27  2:23  Mothership Core (Chrono Boost)  
  27  2:43  Probe x2 (Chrono Boost)  
  29  2:47  Adept  
  31  2:53  Probe (Chrono Boost)  
  31  2:56  Stargate  
  32  2:59  Probe (Chrono Boost)  
  34  3:05  Probe (Chrono Boost)  
  34  3:12  Probe (Chrono Boost)  
  35  3:14  Stalker  
  35  3:18  Probe (Chrono Boost)  
  38  3:23  Probe (Chrono Boost)  
  38  3:27  Pylon  
  39  3:29  Probe (Chrono Boost)  
  41  3:34  Probe (Chrono Boost)  
  41  3:38  Probe (Chrono Boost)  
  41  3:39  Oracle (Chrono Boost)  
  45  3:46  Probe  
  44  3:50  Probe  
  43  3:58  Probe  
  43  4:00  Gateway  
  43  4:01  Gateway  
  44  4:05  Robotics Facility  
  44  4:06  Probe  
  45  4:10  Probe  
  45  4:14  Phoenix (Chrono Boost)  
  48  4:17  Probe  
  48  4:20  Assimilator  
  48  4:22  Probe  
  48  4:23  Assimilator, Pylon  
  50  4:27  Probe  
  51  4:34  Probe  
  51  4:38  Probe, Gateway  
  51  4:53  Adept  
  51  4:59  Adept x2  
  55  5:12  Probe  
  55  5:14  Probe  
  57  5:17  Adept  
  58  5:31  Probe  
  59  5:38  Pylon, Warp Prism  
  59  5:41  Robotics Bay  
  61  5:46  Stalker x2  
  62  5:53  Probe  
  62  5:57  Phoenix (Chrono Boost)  
  59  6:03  Pylon  
  59  6:06  Gateway x2  
  59  6:08  Probe  
  60  6:13  Pylon  
  60  6:15  Pylon  
  60  6:18  Pylon  
  60  6:24  Immortal (Chrono Boost)  
  64  6:30  Pylon  
  64  6:33  Probe  
  64  6:34  Pylon  
  64  6:35  Probe  
  66  6:40  Gateway  
  66  6:42  Pylon  
  66  6:51  Adept x4  
  66  6:53  Probe  
  74  6:59  Warp Prism (Chrono Boost)  
  77  7:03  Probe  
  78  7:12  Nexus  
  78  7:14  Pylon  
  76  7:17  Pylon, Adept x4  
  80  7:24  Adept x2  
  80  7:28  Probe  
  83  7:30  Probe  
  82  7:38  Warp Prism (Chrono Boost)  
  82  7:42  Forge  
  78  7:44  Adept  
  78  7:45  Sentry x4  
  78  7:46  Sentry  
  88  7:55  Gravitic Drive, Probe  
  88  7:57  Probe  
  88  8:08  Robotics Facility  
  88  8:09  Adept, Warp Prism (Chrono Boost)  
  88  8:10  Adept x2  
  96  8:13  Adept x3  
  100  8:25  Adept  
  94  8:36  Probe  
  94  8:39  Probe  
  94  8:40  Probe  
  97  8:45  Adept x4  
  97  8:47  Probe  
  105  8:49  Probe  
  105  8:52  Probe  
  105  8:53  Warp Prism (Chrono Boost)  
  110  8:57  Adept x2  
  110  8:58  Adept  
  116  9:08  Probe  
  108  9:14  Assimilator, Photon Cannon  
  108  9:16  Photon Cannon  
  108  9:17  Adept x2  
  105  9:18  Photon Cannon  
  107  9:27  Adept x2  
  109  9:35  Adept x3  
  109  9:38  Probe, Adept x2  
  113  9:42  Assimilator  
  112  9:50  Adept x2  
  110  10:00  Probe  
  110  10:03  Colossus (Chrono Boost)  
  110  10:05  Stalker x2  
  110  10:06  Stalker x3  
  123  10:13  Adept  
  120  10:27  Nexus  
  114  10:33  Twilight Council  
  114  10:38  Adept x2  
  114  10:40  Adept  
  114  10:41  Adept  
  114  10:42  Adept  
  124  10:49  Adept x2  
  124  10:56  Colossus (Chrono Boost)  
  122  11:01  Pylon  
  122  11:08  Adept x2  
  124  11:12  Zealot  
  120  11:33  Adept x2  
  120  11:34  Adept x2  
  120  11:38  Pylon  
  126  11:41  Templar Archives  
Tags
 
Add a new tag
Caveats
  • Supply blocks, unpowered buildings, or Contaminate may cause inaccurate times.
  • Supply counts are checked every 10 seconds.